 Dungeon Crawl Stone Soup version 0.27-a0-1334-g2746e35aca (webtiles) character file.

Game seed: 2398663051629778165

25060 Shayle the Martial Artist (level 12, -11/95 HPs)
             Began as a Demonspawn Transmuter on June 23, 2021.
             Was a Priest of Wu Jian.
             Killed by divine providence
             ... invoked by a smoke demon
              (13 damage)
             ... on level 2 of the Abyss on June 26, 2021.
             The game lasted 00:51:11 (15967 turns).

Shayle the Martial Artist (Demonspawn Transmuter)  Turns: 15967, Time: 00:51:12

Health: -11/95     AC: 13    Str: 15      XL:     12   Next: 86%
Magic:  18/18      EV: 18    Int: 14 (15) God:    Wu Jian [***...]
Gold:   920        SH:  5    Dex: 20      Spells: 6/19 levels left

rFire    . . .     SeeInvis +     - Unarmed
rCold    + + +     Faith    .   (no shield)
rNeg     . . .     Spirit   .   R - +4 skin of Zhor {*Englaciate rC+++ SInv}
rPois    .         Reflect  +   (helmet restricted)
rElec    .         Harm     .   D - +2 cloak
rCorr    .         Rampage  .   z - +1 pair of gloves
Will     .....                  (no boots)
Stlth    ++........             a - amulet of reflection
HPRegen  0.25/turn              m - +6 ring of strength
MPRegen  0.16/turn              q - +6 ring of dexterity

@: no status effects
A: antennae 2, molten scales 1, icemail 1, powered by death 2, condensation
shield, weak 1, [dopey 2]
a: Renounce Religion, Wall Jump, Serpent's Lash


You were on level 2 of the Abyss.
You worshipped Wu Jian.
Wu Jian was most pleased with you.
You visited 3 branches of the dungeon, and saw 16 of its levels.
You visited the Abyss 1 time.
You also visited: Volcano.

You collected 920 gold pieces.

Inventory:

Hand Weapons
 t - a +2 whip of freezing
 K - a +2 vorpal scimitar
 L - a +3 morningstar of protection
 M - a +1 whip of electrocution
 N - a +0 demon blade
Missiles
 d - 15 boomerangs
 n - 7 silver javelins (quivered)
 r - 9 curare-tipped darts
 B - 11 boomerangs of dispersal
 H - 3 throwing nets
Armour
 l - a +1 robe of willpower
 o - a +2 kite shield
 z - a +1 pair of gloves (worn)
 C - a +2 robe of fire resistance
 D - a +2 cloak (worn)
 F - the +0 leather armour of the Gate {Will+ Str+5}
   (You found it on level 10 of the Dungeon)

   It affects your strength (+5).
   It increases your willpower.
 P - the +1 robe "Geuboom" {Dex+2}
   (You found it on level 1 of the Lair of Beasts)

   It affects your dexterity (+2).
 R - the +4 skin of Zhor (worn) {*Englaciate rC+++ SInv}
   (You found it on level 2 of the Lair of Beasts)

   It renders you almost immune to cold.
   It lets you see invisible.
Jewellery
 a - an amulet of reflection (around neck)
 m - a +6 ring of strength (left hand)
 q - a +6 ring of dexterity (right hand)
 v - a ring of protection from cold
 I - an amulet of regeneration
Wands
 p - a wand of digging (5)
 w - a wand of polymorph (19)
Scrolls
 f - a scroll of fear
 g - a scroll of summoning
 h - a scroll of amnesia
 j - 7 scrolls of identify
 k - 3 scrolls of teleportation
 s - a scroll of brand weapon
 u - 4 scrolls of vulnerability
 y - 2 scrolls of blinking
 G - a scroll of immolation
Potions
 b - a potion of heal wounds
 c - 3 potions of attraction
 e - 2 potions of haste
 i - a potion of brilliance
 x - 4 potions of curing
 A - a potion of ambrosia
 E - 3 potions of lignification
 J - 2 potions of flight
 O - 2 potions of mutation
Miscellaneous
 Q - a phial of floods (inert)


   Skills:
 + Level 9.1 Fighting
 + Level 8.5 Dodging
 + Level 10.3 Unarmed Combat
 - Level 4.2 Spellcasting
 + Level 8.4 Transmutations
 - Level 5.2 Ice Magic
 - Level 3.5 Poison Magic
 + Level 7.9 Evocations


You had 6 spell levels left.
You knew the following spells:

 Your Spells              Type           Power      Damage    Failure   Level
a - Beastly Appendage     Tmut           52%        N/A       1%          1
b - Wereblood             Tmut           26%        N/A       1%          2
c - Spider Form           Tmut/Pois      9%         N/A       4%          3
d - Mephitic Cloud        Conj/Pois/Air  6%         N/A       34%         3
e - Ice Form              Ice/Tmut       22%        N/A       11%         4

Your spell library contained the following spells:

 Spells                   Type           Power      Damage    Failure   Level
 Ensorcelled Hibernation  Hex/Ice        20%        N/A       10%         2
 Ignite Poison            Fire/Tmut/Pois 14%        N/A       11%         3
 Animate Skeleton         Necr           4%         N/A       19%         1
 Apportation              Tloc           4%         N/A       19%         1
 Corona                   Hex            2%         N/A       19%         1
 Magic Dart               Conj           8%         1d3       19%         1
 Summon Small Mammal      Summ           8%         N/A       19%         1
 Blink                    Tloc           N/A        N/A       28%         2
 Call Imp                 Summ           2%         N/A       28%         2
 Slow                     Hex            2%         N/A       28%         2
 Static Discharge         Conj/Air       2%         N/A       28%         2
 Sublimation of Blood     Necr           1%         N/A       28%         2
 Petrify                  Tmut/Erth      14%        N/A       32%         4
 Alistair's Intoxication  Tmut/Pois      12%        N/A       41%         5
 Confusing Touch          Hex            2%         N/A       50%         3
 Conjure Flame            Conj/Fire      2%         6-21      50%         3
 Dazzling Flash           Conj/Hex       4%         N/A       50%         3
 Tukima's Dance           Hex            2%         N/A       50%         3
 Irradiate                Conj/Tmut      7%         3d16      67%         5
 Eringya's Noxious Bog    Tmut/Pois      9%         N/A       94%         6
 Lightning Bolt           Conj/Air       1%         1d12      99%         5
 Ignition                 Fire           1%         3d3       100%        8
 Polar Vortex             Ice            8%         N/A       100%        9
 Shatter                  Erth           1%         3d5*      100%        9


Dungeon Overview and Level Annotations

Branches:
Dungeon (13/15)            Temple (1/1) D:7            Lair (2/6) D:9
  Snake (0/4) Lair:2      Volcano (visited)
  Swamp: Lair:2-4    Shoals: Lair:2-4       Orc: D:9-12      Vaults: D:13-14

Altars:
Ashenzari
Cheibriados
Dithmenos
Elyvilon
Fedhas
Gozag
Hepliaklqana
Kikubaaqudgha
Makhleb
Nemelex Xobeh
Okawaru
Qazlal
Ru
Sif Muna
Trog
Uskayaw
Vehumet
Wu Jian
Xom
Yredelemnul
Zin
The Shining One

Shops:
D:5 *

Portals:
Trove: D:13 (give +4 fire dragon scales)

Annotations:
D:5 Edmund
D:8 1 runed translucent door, flotson's ghost, journeyman DsDe
D:13 2 transporters
Lair:1 exclusion: door


Innate Abilities, Weirdness & Mutations

You have a pair of antennae on your head.
You are partially covered in molten scales. (AC +2)
A meltable icy envelope protects you from harm. (AC +0)
You regenerate health from kills.
A meltable shield of frost defends you. (SH +0)
You are weak. (Str -2)
[You are very dopey. (Int -4)]


Message History

* * * LOW HITPOINT WARNING * * *
You stumble backwards!
The thrashing horror roars!
You hear a bellow!
The thrashing horror closely misses you.
You block the thrashing horror's attack.
You spin and attack the thrashing horror.
You hit the thrashing horror.
The thrashing horror is lightly damaged.
The thrashing horror misses you.
The thrashing horror tramples you but does no damage.
A ynoxinul comes into view.
The thrashing horror tramples you but does no damage.
You block the thrashing horror's attack.
The thrashing horror roars!
You hear a shout!
The thrashing horror completely misses you.
The thrashing horror closely misses you.
A small abomination comes into view.
The thrashing horror completely misses you.
The thrashing horror barely misses you.
The ynoxinul gestures.
The thrashing horror closely misses you. x2
The demonic crawler misses you. The demonic crawler closely misses you.
The demonic crawler misses you.
Found a mace.
You spin and attack the thrashing horror repeatedly.
You hit the thrashing horror but do no damage.
You hit the thrashing horror.
The thrashing horror is lightly damaged.
The thrashing horror barely misses you. The thrashing horror tramples you.
* * * LOW HITPOINT WARNING * * *
You stumble backwards!
You radiate an aura of cold.
The thrashing horror is unaffected.
The Hell Sentinel is unaffected.
The demonic crawler is unaffected.
The ufetubus is unaffected. x2; The smoke demon seems to slow down.
The ynoxinul is unaffected.
The thrashing horror tramples you but does no damage.
The thrashing horror completely misses you.
The smoke demon gestures at you. Something smites you!
You die...

. .. #. ..# ..##..##.
#..## .... ........ ....
.. .. . ........ ....
... . #..##..##..##..#
..#
..##..##..##..##..##..##
.... .................
§... ..................
. ..##..##..##@.#
..##..##..##..##X.##..#
.§.. ........1.s........
.............5.5.......
..##..##..##..##).##..##
. #..##..##33##..# ..# .
.................. ... .
........x........ ..
..##..##..##..##..##.(


You could see a demonic crawler, a thrashing horror, a smoke demon (slow), a
ynoxinul and 2 ufetubi.

Vanquished Creatures
  A tentacled starspawn (Abyss:2)
  A catoblepas (D:13)
  A hydra (Lair:2)
  Harold (D:10)
  A two-headed ogre (D:11)
  A tengu warrior (D:11)
  Urug (D:11)
  2 wretched stars (Abyss:2)
  3 wizards (Volcano)
  Pikel (D:9)
  A cyclops (D:11)
  2 toenail golems (Volcano)
  2 elephants (D:9)
  Maurice (D:8)
  Joseph (D:10)
  2 rust devils (D:9)
  3 black mambas (Lair:2)
  2 smoke demons (Abyss:2)
  3 kobold demonologists (D:9)
  An unseen horror (D:10)
  3 cane toads (Lair:1)
  2 rime drakes
  2 trolls
  A wraith (D:9)
  A steam dragon (D:9)
  A wyvern (D:9)
  20 yaks
  A neqoxec (Abyss:2)
  2 basilisks
  3 vampire mosquitoes
  8 water moccasins
  3 black bears
  2 orc warriors
  An ice beast (D:8)
  2 sky beasts
  An ogre (D:5)
  A centaur (D:13)
  A lemure (D:9)
  2 phantoms
  8 kobold brigands
  Blork the orc (D:4)
  5 bullfrogs
  A gnoll sergeant (D:9)
  A jelly (D:5)
  7 killer bees
  7 wights
  8 howler monkeys
  6 centaur zombies
  2 hounds (D:5)
  2 orc priests
  3 bullfrog skeletons
  A centaur skeleton (D:6)
  2 gnoll shamans
  An iguana (D:5)
  2 orc wizards
  A hound zombie (D:5)
  10 gnolls
  4 adders
  An ufetubus (D:5)
  2 worms
  4 dart slugs
  9 orcs
  6 bats
  4 endoplasms
  2 giant cockroaches (D:3)
  8 goblins
  7 hobgoblins
  11 jackals
  2 quokkas (D:1)
  4 ball pythons
  8 frilled lizards
  35 kobolds
  9 rats
272 creatures vanquished.

Vanquished Creatures (collateral kills)
  Menkaure (D:5)
  A howler monkey (D:5)
  A rat (D:2)
3 creatures vanquished.

Vanquished Creatures (others)
  4 fungi
  7 plants
  3 starspawn tentacles (Abyss:2)
14 creatures vanquished.

Grand Total: 289 creatures vanquished

Notes
Turn   | Place    | Note
-------+----------+-------------------------------------------
     0 | D:1      | Shayle the Demonspawn Transmuter began the quest for the
                  | Orb.
     0 | D:1      | Reached XP level 1. HP: 15/15 MP: 3/3
   377 | D:1      | Reached skill level 3 in Unarmed Combat
   377 | D:1      | Gained mutation: A meltable shield of frost defends you.
                  | (SH +0) [demonic ancestry]
   377 | D:1      | Reached XP level 2. HP: 16/21 MP: 3/5
  1803 | D:1      | Learned a level 2 spell: Wereblood
  1809 | D:2      | You fall into a shaft and drop 1 floor!
  1812 | D:3      | Gained mutation: You regenerate a little health from kills.
                  | [demonic ancestry]
  1812 | D:3      | Reached XP level 3. HP: 26/26 MP: 2/6
  2526 | D:2      | Reached XP level 4. HP: 33/33 MP: 7/7
  2530 | D:2      | Learned a level 3 spell: Spider Form
  3332 | D:3      | Upgraded the game from 0.27-a0-1322-gfdffb62a71 to
                  | 0.27-a0-1332-g84bddb5ca7
  4134 | D:4      | Noticed Blork the orc
  4142 | D:4      | Found a snail-covered altar of Cheibriados.
  4185 | D:5      | Entered Level 5 of the Dungeon
  4452 | D:5      | Reached skill level 4 in Unarmed Combat
  4452 | D:5      | Reached skill level 1 in Poison Magic
  4452 | D:5      | Reached XP level 5. HP: 20/38 MP: 4/8
  4458 | D:5      | HP: 1/39 [orc (6)]
  4829 | D:5      | Noticed Menkaure
  4833 | D:5      | Killed Menkaure
  4973 | D:5      | Lost mutation: You have a pair of horns on your head.
                  | [demonic ancestry]
  4973 | D:5      | Lost mutation: You have a pair of small horns on your head.
                  | [demonic ancestry]
  4973 | D:5      | Gained mutation: You have a pair of small antennae on your
                  | head. [demonic ancestry]
  4973 | D:5      | Reached XP level 6. HP: 42/46 MP: 7/9
  5102 | D:5      | Noticed Edmund
  5114 | D:5      | HP: 2/46 [Edmund (3)]
  5585 | D:4      | Noticed a sky beast
  5869 | D:4      | Killed a sky beast
  5870 | D:4      | Gained mutation: You have a pair of antennae on your head.
                  | [demonic ancestry]
  5870 | D:4      | Reached XP level 7. HP: 43/52 MP: 7/10
  6264 | D:4      | Killed Blork the orc
  6265 | D:4      | Reached skill level 5 in Unarmed Combat
  6584 | D:5      | Found Zin's Purification Station.
  6711 | D:5      | Upgraded the game from 0.27-a0-1332-g84bddb5ca7 to
                  | 0.27-a0-1334-g2746e35aca
  6717 | D:4      | Learned a level 3 spell: Mephitic Cloud
  7422 | D:6      | Gained mutation: A meltable icy envelope protects you from
                  | harm. (AC +0) [demonic ancestry]
  7422 | D:6      | Reached XP level 8. HP: 23/60 MP: 7/11
  7665 | D:6      | Reached skill level 6 in Unarmed Combat
  8047 | D:7      | Reached skill level 1 in Evocations
  8172 | D:7      | Found a staircase to the Ecumenical Temple.
  8181 | Temple   | Entered the Ecumenical Temple
  8414 | Temple   | Became a worshipper of the Wu Jian Council
  8522 | D:8      | Noticed flotson's ghost (journeyman DsDe)
  8556 | D:8      | Found a runed translucent door.
  9389 | D:8      | Reached skill level 1 in Ice Magic
  9389 | D:8      | Reached XP level 9. HP: 59/66 MP: 9/13
  9502 | D:8      | Noticed Maurice
  9511 | D:8      | Killed Maurice
  9512 | D:8      | Reached skill level 7 in Unarmed Combat
  9714 | D:8      | Reached skill level 5 in Fighting
  9732 | D:8      | Found a hide-covered altar of Uskayaw.
 10108 | D:9      | Noticed an elephant
 10166 | D:9      | Reached skill level 5 in Dodging
 10170 | D:9      | Reached * piety under Wu Jian
 10249 | D:9      | Found a burning altar of Makhleb.
 10277 | D:9      | Noticed a kobold demonologist
 10277 | D:9      | Noticed a kobold demonologist
 10277 | D:9      | Noticed a kobold demonologist
 10279 | D:9      | Noticed an elephant
 10279 | D:9      | a kobold demonologist changed into an elephant
 10279 | D:9      | Noticed a kobold demonologist
 10282 | D:9      | Noticed a red devil
 10287 | D:10     | Entered Level 10 of the Dungeon
 10295 | D:10     | Noticed Joseph
 10339 | D:10     | Reached skill level 5 in Transmutations
 10341 | D:10     | Identified the +0 leather armour of the Gate {Will+ Str+5}
 10619 | D:10     | Killed an unseen horror
 10632 | D:10     | Noticed Harold
 10862 | D:10     | Killed Joseph
 10863 | D:10     | Gained mutation: You are partially covered in molten
                  | scales. (AC +2) [demonic ancestry]
 10863 | D:10     | Reached XP level 10. HP: 22/75 MP: 12/16
 11114 | D:10     | Killed Harold
 11115 | D:10     | Reached skill level 8 in Unarmed Combat
 11921 | D:11     | Found a radiant altar of Vehumet.
 11933 | D:11     | Noticed Urug
 11952 | D:10     | Learned a level 4 spell: Ice Form
 12065 | D:8      | Noticed a rust devil
 12065 | D:8      | Noticed a rust devil
 12099 | D:9      | Killed a rust devil
 12307 | D:9      | Noticed Pikel
 12321 | D:9      | Noticed an orange demon
 12336 | D:9      | Killed an elephant
 12349 | D:9      | Noticed an orange demon
 12349 | D:9      | Killed Pikel
 12377 | D:9      | Reached ** piety under Wu Jian
 12421 | D:9      | Found a staircase to the Lair.
 12443 | D:9      | Killed an elephant
 12444 | D:9      | Gained mutation: You regenerate health from kills. [demonic
                  | ancestry]
 12444 | D:9      | Reached XP level 11. HP: 82/83 MP: 8/17
 12742 | D:9      | Reached skill level 5 in Evocations
 13012 | D:11     | Killed Urug
 13364 | D:11     | Noticed a two-headed ogre
 13370 | D:11     | Killed a two-headed ogre
 13371 | D:11     | Reached skill level 9 in Unarmed Combat
 13417 | D:11     | Noticed a tengu warrior
 13423 | D:11     | Killed a tengu warrior
 13424 | D:11     | Reached skill level 5 in Ice Magic
 13497 | D:11     | Noticed a boulder beetle
 13498 | D:11     | Noticed a boulder beetle
 13512 | D:11     | You fall into a shaft and drop 2 floors!
 13512 | D:13     | Found a portal to a secret trove of treasure.
 13540 | D:13     | Noticed a catoblepas
 13551 | D:13     | Killed a catoblepas
 13557 | D:13     | Found a transporter.
 13558 | D:13     | Noticed an orc sorcerer
 13816 | D:13     | Found a transporter.
 13858 | D:13     | Noticed a fire crab
 13911 | D:13     | Noticed a red ugly thing
 13912 | D:13     | Noticed a brown ugly thing
 13914 | D:13     | Noticed a deep elf pyromancer
 13915 | D:13     | Noticed a two-headed ogre
 13916 | D:13     | Noticed an ogre mage
 13916 | D:13     | Noticed a two-headed ogre
 14181 | Lair:1   | Entered Level 1 of the Lair of Beasts
 14364 | Lair:1   | Reached XP level 12. HP: 92/92 MP: 16/18
 14480 | Lair:1   | Identified the +1 robe "Geuboom" {Dex+2}
 14651 | Lair:1   | Found an ornate altar of the Wu Jian Council.
 15018 | Lair:2   | Reached *** piety under Wu Jian
 15020 | Lair:2   | Found a staircase to the Snake Pit.
 15025 | Lair:2   | Noticed a six-headed hydra
 15139 | Lair:2   | Noticed a six-headed hydra
 15140 | Lair:2   | Found the +4 skin of Zhor {*Englaciate rC+++ SInv}
 15147 | Lair:2   | Killed a six-headed hydra
 15173 | Lair:2   | Found a dark tunnel.
 15212 | Volcano  | Entered a volcano
 15244 | Volcano  | Reached skill level 10 in Unarmed Combat
 15276 | Volcano  | Cast into level 2 of the Abyss (a wizard)
 15323 | Abyss:2  | Noticed a tentacled starspawn
 15335 | Abyss:2  | Killed a tentacled starspawn
 15338 | Abyss:2  | Noticed a vampire mage
 15381 | Abyss:2  | Gained mutation: You are weak. (Str -2) [a neqoxec]
 15873 | Abyss:2  | Noticed a yellow draconian
 15898 | Abyss:2  | Noticed a Hell Sentinel
 15899 | Abyss:2  | Noticed a tentacled starspawn
 15957 | Abyss:2  | HP: 2/95 [thrashing horror (4)]
 15965 | Abyss:2  | HP: 2/95 [thrashing horror (2)]
 15967 | Abyss:2  | Killed from afar by a smoke demon

Illustrated notes

Levels and vault maps discovered:
D:1:      lightli_molten_gateway, layout_loops_corners, minivault_26
D:2:      layout_basic
D:3:      minmay_diamond_boxcup, layout_loops_corners
D:4:      layout_loops_ring, slow_altar_1, uniq_blork_the_orc
D:5:      layout_gridville, zin_purify, uniq_menkaure, uniq_edmund
D:6:      layout_rooms
D:7:      layout_basic, minmay_temple_entry_statues_fountains, serial_glass,
          glass_columns_a, glass_columns_a
D:8:      cheibrodos_iron_armory, layout_basic, amcnicky_altar_gilded,
          gammafunk_ghost_grave, uniq_maurice
D:9:      layout_roguey, bloody_makhleb, david_lair_generic, uniq_pikel
D:10:     layout_basic, st_stairs_12, uniq_joseph, uniq_harold
D:11:     minmay_opposing_rooms, layout_long_grid, fiery_altar_vehumet,
          uniq_urug
D:12:     layout_roguey, orc_0_dummy
D:13:     gammafunk_wand_slinger, layout_rooms, david_vaults_2,
          nicolae_trove_entry_free_sample, nemelex_spade_bored_becter
Temple:   eino_narrow_crystal_temple
Lair:1:   layout_roguey, st_stairs_8, chequers_serial_rivers_room_b,
          lemuel_centaur_altar
Lair:2:   layout_loops_ring, minmay_snake_entry_six_corridors, enter_volcano_2,
          lemuel_fruit_tree, serial_bayou_shore_a
Abyss:2:  base: D:2, serial_sigils_hangedman_snap, serial_sigils_hangedman_snap,
          onia_ninara_dug_in_and_dangerous, hangedman_decor_riveting,
          guppyfry_abyss_exit_glass_guarded, guppyfry_abyss_exit_glass_guarded,
          evilmike_abyss_exit_10, evilmike_abyss_exit_glass,
          evilmike_abyss_exit_plants
Volcano:  volcano_bunker

Skill      XL: |  1  2  3  4  5  6  7  8  9 10 11 12 |
---------------+-------------------------------------+-----
Dodging        | 2 3 4 5 6 7 8 |  8.5
Unarmed Combat | 3 4 5 6 7 8 9 10 | 10.3
Transmutations | 2 3 4 5 6 7 8 |  8.4
Fighting       | 2 3 4 5 6 7 9 |  9.1
Poison Magic   | 1 2 3 |  3.5
Evocations     | 1 3 4 6 7 |  7.9
Ice Magic      | 1 2 4 5 |  5.2
Spellcasting   | 4 |  4.2

Action                   |  1- 3 |  4- 6 |  7- 9 | 10-12 || total
-------------------------+-------+-------+-------+-------++-------
Melee: Unarmed           |   151 |   121 |   341 |   470 ||  1083
       Kick              |    10 |    15 |     1 |       ||    26
       Headbutt          |     7 |     7 |       |       ||    14
       Punch             |     1 |     3 |       |     4 ||     8
Throw: Javelin           |       |       |    10 |       ||    10
 Cast: Beastly Appendage |    18 |    16 |     1 |       ||    35
       Wereblood         |     2 |       |       |       ||     2
       Spider Form       |       |     7 |    38 |    13 ||    58
       Ice Form          |       |       |       |    24 ||    24
Invok: Lunge             |       |       |    15 |    27 ||    42
       Whirlwind         |       |       |       |    61 ||    61
Evoke: Wand              |       |       |     2 |       ||     2
       Phial of floods   |       |       |       |     1 ||     1
  Use: Scroll            |     1 |    10 |     9 |    11 ||    31
       Potion            |       |       |     1 |     6 ||     7
 Stab: Sleeping          |     1 |     1 |     4 |     1 ||     7
Armor: Robe              |    25 |    14 |     7 |       ||    46
       Skin              |       |     5 |    27 |    50 ||    82
       Leather armour    |       |       |       |    20 ||    20
       Animal skin       |       |       |       |    22 ||    22
Dodge: Dodged            |    89 |    64 |   274 |   253 ||   680
Block: Other             |    22 |    30 |   183 |   171 ||   406
       Reflection        |       |       |    11 |     5 ||    16

Table legend: (Time is in decaauts)
 A = Elapsed time spent in this place.
 B = Non-inter-level travel time spent in this place.
 C = Inter-level travel time spent in this place.
 D = Time resting spent in this place.
 E = Time spent auto-exploring this place.
 F = Levels seen in this place.
 G = Mean time per level.
                   A        B        C        D        E       F      G
               +--------+--------+--------+--------+--------+-----+--------+
         Total |  15859 |  15373 |    486 |   3075 |   8298 |  18 |  881.1 |
       Dungeon |  13873 |  13466 |    407 |   2642 |   7546 |  13 | 1067.2 |
        Temple |    241 |    207 |     34 |      0 |    206 |   1 |  241.0 |
          Lair |   1011 |    966 |     45 |     26 |    546 |   2 |  505.5 |
         Abyss |    672 |    672 |      0 |    407 |      0 |   1 |  672.0 |
       Volcano |     60 |     60 |      0 |      0 |      0 |   1 |   60.0 |
               +--------+--------+--------+--------+--------+-----+--------+

Top non-repeatable levels by time:
     D:1: 1796 daAuts
     D:5: 1762 daAuts
    D:10: 1512 daAuts
     D:9: 1362 daAuts
     D:4: 1329 daAuts
     D:3: 1296 daAuts
     D:2: 1153 daAuts
     D:7: 1032 daAuts
  Lair:1: 720 daAuts
    D:11: 718 daAuts
     D:8: 715 daAuts
 Abyss:2: 672 daAuts
    D:13: 626 daAuts
     D:6: 562 daAuts
  Lair:2: 290 daAuts
